 Dungeon Crawl Stone Soup version 0.31.0-7-gf635a9b802 (webtiles) character file.

Game seed: 3236575267260768237

1306 Ijustatesigmund the Conjurer (level 8, 41/51 HPs)
             Began as an Octopode Conjurer on Jan 19, 2024.
             Quit the game on level 6 of the Dungeon on Jan 23, 2024.
             The game lasted 00:15:58 (8647 turns).

Ijustatesigmund the Conjurer (Octopode Conjurer)    Turns: 8647, Time: 00:15:59

Health: 41/51      AC:  1    Str:  6    XL:     8   Next: 57%
Magic:  11/15      EV: 13    Int: 26    God:
Gold:   42         SH:  0    Dex: 16    Spells: 10/17 levels left

rFire   . . .        b - +1 flail
rCold   + . .        (no shield)
rNeg    + . .        (helmet restricted)
rPois   .            v - amulet of magic regeneration
rElec   .            l - ring of Boqiorua {rC+ rN+ Int+3 Dex+6 Stlth-}
rCorr   .            n - ring of flight
SInv    .            (no ring)
Will    .....        (no ring)
Stlth   ++           (no ring)
HPRegen 0.28/turn    (no ring)
MPRegen 0.54/turn    (no ring)
                     (no ring)

%: no passive effects
@: flying
A: almost no armour, amphibious, 8 rings, camouflage 1, gelatinous body 1,
(nimble swimmer 1), tentacles
a: no special abilities


You were on level 6 of the Dungeon.
You visited 1 branch of the dungeon, and saw 6 of its levels.
You also visited: Sewer.

You collected 366 gold pieces.
You spent 324 gold pieces at shops.

Inventory:

Hand Weapons
 b - a +1 flail (weapon)
 j - the +8 short sword "Tefrul" {heavy, rF- rC+ rN+ SInv}
   (You took it off an orc on level 3 of the Dungeon)

   rF-:       It makes you vulnerable to fire.
   rC+:       It protects you from cold.
   rN+:       It protects you from negative energy.
   SInv:      It lets you see invisible.
Jewellery
 l - the ring of Boqiorua (left tentacle) {rC+ rN+ Int+3 Dex+6 Stlth-}
   (You bought it in a shop on level 3 of the Dungeon)

   [ring of dexterity]

   Int+3:     It affects your intelligence (+3).
   Dex+6:     It affects your dexterity (+6).
   rC+:       It protects you from cold.
   rN+:       It protects you from negative energy.
   Stlth-:    It makes you less stealthy.
 n - a ring of flight (right tentacle)
 v - an amulet of magic regeneration (around mantle)
Wands
 e - a wand of flame (38)
 o - a wand of mindburst (11)
 u - a wand of acid (4)
Scrolls
 d - 2 scrolls of immolation
 f - a scroll of poison
 g - 2 scrolls of noise
 i - 2 scrolls of fog
 k - a scroll of amnesia
 p - a scroll of teleportation
 r - a scroll of enchant armour
Potions
 a - a potion of magic
 c - 4 potions of enlightenment
 h - 2 potions of haste
 m - 2 potions of ambrosia
 q - a potion of lignification
 s - 2 potions of heal wounds


   Skills:
 - Level 2.7 Fighting
 - Level 2.0 Dodging
 - Level 2.6 Stealth
 + Level 5.1 Spellcasting
 + Level 6.5 Conjurations
 * Level 6.1 Translocations


You had 10 spell levels left.
You knew the following spells:

 Your Spells              Type           Power      Damage    Failure   Level
a - Magic Dart            Conj           100%       1d8       1%          1
b - Searing Ray           Conj           80%        2d7       1%          2
c - Iskenderun's Mystic   Conj/Tloc      39%        2d9       5%          4

Your spell library contained the following spells:

 Spells                   Type           Power      Damage    Failure   Level
 Hailstorm                Conj/Ice       23%        3d7       6%          3
 Fulminant Prism          Conj/Alch      11%        3d9       21%         4
 Summon Ice Beast         Ice/Summ       6%         N/A       22%         3
 Sculpt Simulacrum        Ice/Alch       3%         N/A       100%        6


Dungeon Overview and Level Annotations

Branches:
Dungeon (6/15)              Sewer (visited)
 Temple: D:4-7

Altars:
Gozag
Qazlal
Uskayaw

Shops:
D:3 *


Innate Abilities, Weirdness & Mutations

You cannot wear most types of armour.
You are amphibious.
You can wear up to eight rings at the same time.
Your skin changes colour to match your surroundings (Stealth+).
Your rubbery body absorbs attacks. (AC +1, EV +1)
((You are camouflaged when in or above water. (Stealth+)))
You have tentacles for arms and can constrict up to eight enemies at once.


Message History

Casting: Magic Dart (safe; 1% risk of failure)
Confirm with . or Enter, or press ? or * to list all spells.
You can't see any susceptible monsters within range! (Use Z to cast anyway.)
Casting: Magic Dart (safe; 1% risk of failure)
Confirm with . or Enter, or press ? or * to list all spells.
You can't see any susceptible monsters within range! (Use Z to cast anyway.)
Found 9 stones.
Found an amulet of magic regeneration.
You see here 9 stones.
A black bear comes into view.
You see here an amulet of magic regeneration.
Casting: Magic Dart (safe; 1% risk of failure)
Confirm with . or Enter, or press ? or * to list all spells.
Aiming: Searing Ray (safe; 1% risk of failure)
Press: ? - help, Shift-Dir - straight line, f - black bear
Aim: a black bear (86% to hit)
The searing ray misses the black bear. (Press . to maintain the ray.)
The searing ray hits the black bear.
The black bear is lightly wounded.
The searing ray hits the black bear.
The black bear is moderately wounded.
The searing ray hits the black bear!
The black bear is severely wounded.
You finish channelling your searing ray.
The black bear bites you! The black bear claws you. x2
Casting: Searing Ray (safe; 1% risk of failure)
Confirm with . or Enter, or press ? or * to list all spells.
Aiming: Searing Ray (safe; 1% risk of failure)
Press: ? - help, Shift-Dir - straight line, f/p - black bear
Aim: a black bear (severely wounded, 86% to hit)
The searing ray hits the black bear!
The black bear is almost dead. (Press . to maintain the ray.)
The black bear bites you but does no damage.
The black bear misses you. The black bear closely misses you.
The searing ray hits the black bear!
You kill the black bear!
Your Translocations skill increases to level 6!
Are you sure you want to abandon this character and quit the game? (Confirm with "yes".)

#### #... ####
#.##
##....###########
#.##
#......".@.(....#
#.##
......#########.#
#.## #...# #.#
#.## ##. #.# #.##
#.# #... #.# ####
###.# # #...# #
##.#.# #


There were no monsters in sight!

Vanquished Creatures
  An ice beast (D:5)
  A black bear (D:6)
  An ogre (D:5)
  A phantom (D:5)
  A kobold brigand (D:6)
  A brain worm (Sewer)
  2 scorpions (D:5)
  A bombardier beetle (D:5)
  A jelly (D:5)
  6 orc priests
  A hound (D:5)
  Jessica (D:3)
  4 orc wizards
  2 iguanas (D:5)
  4 river rats (Sewer)
  6 adders
  A shadow imp (D:6)
  A ribbon worm (D:3)
  3 dart slugs
  19 orcs
  14 ball pythons
  10 endoplasms
  4 giant cockroaches
  9 goblins
  10 hobgoblins
  9 jackals
  11 kobolds
  9 quokkas
  10 bats
  8 frilled lizards
  8 rats
160 creatures vanquished.

Notes
Turn   | Place    | Note
-------+----------+-------------------------------------------
     0 | D:1      | Ijustatesigmund the Octopode Conjurer began the quest for
                  | the Orb.
     0 | D:1      | Reached XP level 1. HP: 11/11 MP: 3/3
   441 | D:1      | Reached XP level 2. HP: 18/18 MP: 3/5
   444 | D:1      | Learned a level 2 spell: Searing Ray
   697 | D:1      | Reached skill level 1 in Fighting
   733 | D:1      | Found a faded altar of an unknown god.
  1000 | D:1      | Reached XP level 3. HP: 23/23 MP: 4/6
  1817 | D:2      | Reached XP level 4. HP: 26/29 MP: 0/8
  1834 | D:2      | Learned a level 4 spell: Iskenderun's Mystic Blast
  2333 | D:3      | Found a glowing drain.
  2360 | Sewer    | Entered a sewer
  2905 | Sewer    | Noticed a brain worm
  2919 | Sewer    | Reached skill level 1 in Translocations
  2919 | Sewer    | Reached XP level 5. HP: 18/34 MP: 2/9
  3469 | Sewer    | Reached skill level 5 in Conjurations
  3693 | D:3      | Reached XP level 6. HP: 41/41 MP: 4/11
  3962 | D:3      | Noticed Jessica
  3965 | D:3      | Killed Jessica
  4456 | D:3      | Identified the +8 short sword "Tefrul" {heavy, rF- rC+ rN+
                  | SInv}
  4713 | D:3      | Found Jof Amokhli's Assorted Antiques.
  4728 | D:3      | Bought a scroll labelled HOEHUC ARUO for 27 gold pieces
  4728 | D:3      | Bought a scroll labelled TADOOSM OVVI for 27 gold pieces
  4728 | D:3      | Bought a scintillating platinum ring for 135 gold pieces
  4728 | D:3      | Identified the ring of Boqiorua {rC+ rN+ Int+3 Dex+6
                  | Stlth-} (You bought it in a shop on level 3 of the Dungeon)
  4983 | D:3      | Found an opulent altar of Gozag.
  5190 | D:3      | Reached XP level 7. HP: 34/45 MP: 6/12
  5508 | D:4      | Upgraded the game from 0.31.0 to 0.31.0-7-gf635a9b802
  6372 | D:5      | Entered Level 5 of the Dungeon
  6664 | D:5      | Identified the +1 helmet of Dalab {Slay+2}
  6836 | D:5      | Reached skill level 5 in Translocations
  6836 | D:5      | Reached XP level 8. HP: 36/51 MP: 4/14
  7522 | D:5      | Found a hide-covered altar of Uskayaw.
  7589 | D:5      | Found a stormy altar of Qazlal.
  8052 | D:3      | Bought a dented citrine amulet for 135 gold pieces
  8483 | D:6      | Reached skill level 5 in Spellcasting
  8647 | D:6      | Quit the game

Illustrated notes

Levels and vault maps discovered:
D:1:      sevenhm_arrival_forest_fort_small_5, layout_loops_ring,
          shapermc_ecumenical_altar_gd
D:2:      minmay_angry_zag, layout_basic
D:3:      layout_rooms, grunt_gozag_statues, serial_shops, nicolae_square_shop,
          mainiacjoe_sewer_entry_somewhere_in_here_2,
          chequers_serial_rivers_micro_d, guppyfry_early_orc_mine, uniq_jessica
D:4:      layout_basic, kennysheep_big_empty_room
D:5:      layout_loops_corners, nicolae_uskayaw_murder_on_the_dancefloor,
          nicolae_qazlal_general_emergency, serial_aquarium,
          aquarium_bridge_square [aquarium_subvault_bridge,
          aquarium_subvault_bridge, aquarium_subvault_wall,
          aquarium_subvault_wall], aquarium_window_corner, aquarium_window_fake,
          aquarium_window_1, aquarium_view_2b, aquarium_pool_side
D:6:      layout_loops_corners, lexackson_kobold_supper

Skill      XL: |  1  2  3  4  5  6  7  8 |
---------------+-------------------------+-----
Fighting       | 1 2 |  2.7
Spellcasting   | 3 4 5 |  5.1
Translocations | 1 2 3 5 6 |  6.1
Conjurations   | 5 6 |  6.5
Dodging        | |  2.0
Stealth        | |  2.6

Action                     |  1- 3 |  4- 6 |  7- 9 || total
---------------------------+-------+-------+-------++-------
  Melee: Flail             |    26 |    63 |    25 ||   114
         Constrict         |     4 |    15 |     6 ||    25
         Tentacles         |     1 |    17 |     7 ||    25
         Punch             |       |     1 |       ||     1
   Cast: Magic Dart        |    53 |    73 |    47 ||   173
         Searing Ray       |     3 |    18 |    24 ||    45
    Use: Potion            |     1 |       |       ||     1
         Scroll            |       |    10 |     3 ||    13
   Stab: Sleeping          |       |     1 |     2 ||     3
 Armour: Skin              |    33 |    53 |    39 ||   125
  Dodge: Dodged            |    31 |    84 |    28 ||   143
